 Dungeon Crawl Stone Soup version 0.21.1-1-g345015f (webtiles) character file.

74 ashleyrose the Slasher (level 4, -15/41 HPs)
             Began as a Minotaur Berserker on Apr 13, 2018.
             Was a Follower of Trog.
             Demolished by an ogre
             ... wielding a +0 giant club
              (23 damage)
             ... on level 2 of the Dungeon.
             The game lasted 00:17:32 (4428 turns).

ashleyrose the Slasher (Minotaur Berserker)         Turns: 4428, Time: 00:17:33

Health: -15/41     AC:  2    Str: 22    XL:     4   Next: 9%
Magic:  3/3        EV: 12    Int:  4    God:    Trog [*.....]
Gold:   66         SH:  0    Dex: 10    Spells: 3/3 levels left

rFire    . . .     SeeInvis .   a - +0 falchion
rCold    . . .     Gourm    .   (no shield)
rNeg     . . .     Faith    .   b - +0 animal skin
rPois    .         Spirit   .   (helmet restricted)
rElec    .         Reflect  .   (no cloak)
rCorr    .         Harm     .   (no gloves)
MR       .....                  (no boots)
Stlth    +.........             (no amulet)
HPRegen  0.13/turn              (no ring)
MPRegen  0.08/turn              (no ring)

@: no status effects
A: retaliatory headbutt, horns 2
a: Berserk, Burn Spellbooks, Renounce Religion


You were on level 2 of the Dungeon.
You worshipped Trog.
Trog was aware of your devotion.
You were not hungry.

You visited 1 branch of the dungeon, and saw 2 of its levels.

You collected 66 gold pieces.

Inventory:

Hand Weapons
 a - a +0 falchion (weapon)
Armour
 b - a +0 animal skin (worn)
Jewellery
 c - a cursed ring of loudness {unknown}
Scrolls
 d - 2 scrolls of identify {unknown}
 f - a scroll of teleportation {unknown}
 h - a scroll of amnesia {unknown}
Potions
 e - a potion of flight {unknown}
 i - a potion of degeneration {unknown}
Comestibles
 g - a ration


   Skills:
 + Level 4.5 Fighting
 + Level 4.7 Long Blades
 + Level 2.6 Armour
 + Level 2.5 Dodging
 + Level 0.7 Stealth


You had 3 spell levels left.
You didn't know any spells.

Dungeon Overview and Level Annotations

Branches:
Dungeon (2/15)

Altars:
Sif Muna


Innate Abilities, Weirdness & Mutations

You reflexively headbutt those who attack you in melee.
You have a pair of horns on your head.


Message History

j - 2 chunks of flesh Eating one of 2 chunks of flesh.
You eat one of the 2 chunks of flesh.
This raw flesh tastes terrible.
You are feeling hungry.
Eating a chunk of flesh.
You eat the chunk of flesh.
This raw flesh tastes terrible.
An ogre comes into view. It is wielding a giant club.
The ogre shouts!
An ogre is nearby!
An ogre is nearby!
You hit the ogre.
The ogre is lightly wounded.
The ogre hits you with a giant club!!
Ouch! That really hurt!
* * * LOW HITPOINT WARNING * * *
You barely miss the ogre.
The ogre is lightly wounded.
The ogre hits you with a giant club!!
Ouch! That really hurt!
You die...

#..)# ..... #....#
##..# .....
###....###### #.>.
....##...........#
#.##
...[............#
#.#
#...?..........#
#.#
#..............#
#.#
#..............#
#.##
#...@..........#
#...
#...O..........#
####
#..............#
#...####†#######
+... #.# #########
#... #.# #........
#... #.# #.#######
#... #.# #.#.....#
#.####.......#


You could see an ogre.

Vanquished Creatures
  3 adders (D:2)
  A worm (D:2)
  A leopard gecko (D:1)
  8 bats
  2 giant cockroaches (D:1)
  6 goblins
  5 hobgoblins
  6 jackals (D:1)
  A quokka (D:2)
  2 frilled lizards
  2 kobolds (D:1)
  2 rats
39 creatures vanquished.

Notes
Turn   | Place    | Note
-------+----------+-------------------------------------------
     0 | D:1      | ashleyrose the Minotaur Berserker began the quest for the Orb.
     0 | D:1      | Reached XP level 1. HP: 19/19 MP: 0/0
   728 | D:1      | Reached XP level 2. HP: 17/27 MP: 1/1
  2882 | D:1      | Reached XP level 3. HP: 32/33 MP: 2/2
  3882 | D:2      | Found a deep blue altar of Sif Muna.
  4040 | D:2      | Reached ** piety under Trog
  4134 | D:2      | Reached XP level 4. HP: 41/41 MP: 3/3
  4423 | D:2      | Noticed an ogre
  4428 | D:2      | Demolished by an ogre

Skill      XL: |  1  2 |
---------------+-------+-----
Long Blades    | 4 |  4.7
Fighting       | 4 |  4.5
Armour         | |  2.6
Dodging        | |  2.5
Stealth        | |  0.7

Action                   |  1- 3 |  4- 6 || total
-------------------------+-------+-------++-------
Melee: Falchion          |    83 |     9 ||    92
       Headbutt          |    19 |     1 ||    20
Invok: Berserk           |     2 |       ||     2
  Eat: Ration            |     2 |       ||     2
       Chunk             |     4 |     2 ||     6
Armor: Animal skin       |    19 |       ||    19
Dodge: Dodged            |    63 |     6 ||    69
       Rpst.: Falchion   |    16 |     2 ||    18
